 Dungeon Crawl Stone Soup version 0.28.0 (webtiles) character file.

Game seed: 10990018406369735629

51 BeingJoeMalik the Cutter (level 3, 0/19 HPs)
             Began as a Tengu Enchanter on Feb 5, 2022.
             Slain by an orc (7 damage)
             ... on level 1 of the Dungeon.
             The game lasted 00:06:51 (1907 turns).

BeingJoeMalik the Cutter (Tengu Enchanter)          Turns: 1907, Time: 00:06:52

Health: 0/19       AC:  2    Str: 14    XL:     3   Next: 81%
Magic:  0/7        EV: 12    Int: 17    God:
Gold:   26         SH:  0    Dex: 14    Spells: 1/6 levels left

rFire   . . .      SeeInvis .   a - +1 dagger
rCold   . . .      Faith    .   (no shield)
rNeg    . . .      Spirit   +   b - +0 robe
rPois   .          Reflect  .   (helmet restricted)
rElec   .          Harm     .   (no cloak)
rCorr   .          Rampage  .   (no gloves)
Will    .....                   (boots unavailable)
Stlth   ++........              d - amulet of guardian spirit
HPRegen 0.06/turn               f - +6 ring of strength
MPRegen 0.10/turn               (no ring)

@: very slightly contaminated
A: beak, talons 3
a: no special abilities


You were on level 1 of the Dungeon.
You visited 1 branch of the dungeon, and saw 2 of its levels.

You collected 56 gold pieces.
You spent 30 gold pieces at shops.

Inventory:

Hand Weapons
 a - a +1 dagger (weapon)
Armour
 b - a +0 robe (worn)
Jewellery
 d - an amulet of guardian spirit (around neck)
 f - a +6 ring of strength (left hand)
Scrolls
 i - a scroll of amnesia {unknown}
Potions
 c - a potion of invisibility
 e - a potion of attraction {unknown}
 g - a potion of curing
 h - 2 potions of heal wounds {unknown}


   Skills:
 + Level 3.9 Short Blades
 - Level 2.1 Dodging
 - Level 3.0 Stealth
 - Level 2.0 Spellcasting
 - Level 2.1 Hexes


You had one spell level left.
You knew the following spells:

 Your Spells              Type           Power      Damage    Failure   Level
a - Ensorcelled Hibernat  Hex/Ice        10%        N/A       19%         2
b - Tukima's Dance        Hex            9%         N/A       24%         3

Your spell library contained the following spells:

 Spells                   Type           Power      Damage    Failure   Level
 Confusing Touch          Hex            9%         N/A       24%         3
 Dazzling Flash           Conj/Hex       10%        N/A       36%         3


Dungeon Overview and Level Annotations

Branches:
Dungeon (2/15)

Altars:
Vehumet

Shops:
D:1 !


Innate Abilities, Weirdness & Mutations

You have a beak for a mouth.
You have claws for feet.


Message History

Press: ? - help, Shift-Dir - straight line, f/p - orc
Aim: an orc, wielding a +0 hand axe and wearing a +0 chain mail (lightly wounded, chance to affect: 56%)
The orc resists with significant effort.
The orc closely misses you.
Unknown command.
Casting: Ensorcelled Hibernation (safe; 19% risk of failure)
Confirm with . or Enter, or press ? or * to list all spells.
Aiming: Ensorcelled Hibernation (safe; 19% risk of failure)
Press: ? - help, Shift-Dir - straight line, f/p - orc
Aim: an orc, wielding a +0 hand axe and wearing a +0 chain mail (chance to affect: 56%)
The orc looks drowsy...
The helpless orc fails to defend itself.
You impale the orc!!
You kill the orc!
Casting: Ensorcelled Hibernation (safe; 19% risk of failure)
Confirm with . or Enter, or press ? or * to list all spells.
Aiming: Ensorcelled Hibernation (safe; 19% risk of failure)
Press: ? - help, Shift-Dir - straight line, f - orc
Aim: an orc, wielding a +0 whip (chance to affect: 56%)
The orc looks drowsy...
The helpless orc fails to defend itself.
You impale the orc!!
You kill the orc!
Magic restored.
An orc is nearby!
You see here a +0 whip.
The orc shouts!
The orc hits you with a +0 trident!
Casting: Ensorcelled Hibernation (safe; 19% risk of failure)
Confirm with . or Enter, or press ? or * to list all spells.
Aiming: Ensorcelled Hibernation (safe; 19% risk of failure)
Press: ? - help, Shift-Dir - straight line, f - orc
Aim: an orc, wielding a +0 trident and wearing a +0 ring mail (chance to affect: 56%)
You miscast Ensorcelled Hibernation.
You are very lightly contaminated with residual magic.
Nothing appears to happen.
The orc hits you with a +0 trident!
You barely miss the orc. You claw the orc.
The orc is severely wounded.
The orc hits you with a +0 trident!
You die...

#.# #(# #.# #.# #.# #.##########
#.####################...........
.......................########.#
#.############.#.####..#.# #.#
.....).............##..#.# #)#
#.############.#o..)...#.# #†#
#.############.#@..###.#.# #.#
.........................# #.#
#.######.#.###.#...###.#.# #.#
.........#.###.#...###.#.# #.#
.............>......##.#.######.#
#..###.#...##..#...###.#......#.#
#..# #.#...##..#.).###.######.#.#
...# #.#...#.........#.# #.#.#
...# #.....##..#...#.#.# #.#.#


You could see an orc.

Vanquished Creatures
  An adder (D:2)
  3 dart slugs
  2 orcs (D:1)
  An endoplasm (D:1)
  A giant cockroach (D:1)
  3 goblins (D:1)
  5 hobgoblins (D:1)
  6 ball pythons (D:1)
  3 bats (D:1)
  A frilled lizard (D:1)
  3 kobolds (D:1)
  3 rats (D:1)
32 creatures vanquished.

Notes
Turn   | Place    | Note
-------+----------+-------------------------------------------
     0 | D:1      | BeingJoeMalik the Tengu Enchanter began the quest for the
                  | Orb.
     0 | D:1      | Reached XP level 1. HP: 10/10 MP: 4/4
   101 | D:1      | Reached XP level 2. HP: 15/15 MP: 6/6
   652 | D:1      | Reached XP level 3. HP: 16/19 MP: 4/7
   724 | D:1      | Learned a level 2 spell: Ensorcelled Hibernation
   728 | D:1      | Learned a level 3 spell: Tukima's Dance
   862 | D:1      | Found Uhogerr's Distillery.
   872 | D:1      | Bought a potion of curing for 30 gold pieces
  1142 | D:2      | Found a radiant altar of Vehumet.
  1144 | D:2      | Noticed a black bear
  1907 | D:1      | Slain by an orc

Illustrated notes

Levels and vault maps discovered:
D:1:      wheals_arrival_shading, layout_basic, serial_shops, nicolae_shop_trees
D:2:      layout_basic, basic_altar, hellmonk_ecumenical_altar_arch_garden,
          uniq_terence

Skill      XL: |  1  2 |
---------------+-------+-----
Short Blades   | 2 3 |  3.9
Dodging        | |  2.1
Stealth        | |  3.0
Spellcasting   | |  2.0
Hexes          | |  2.1

Action                   || total
-------------------------++-------
Melee: Dagger            ||    70
       Kick              ||    20
       Peck              ||    11
       Punch             ||     2
 Cast: Ensorcelled Hiber ||    10
  Use: Potion            ||     2
 Stab: Sleeping          ||    13
Armor: Robe              ||    10
Dodge: Dodged            ||    46
